 Dungeon Crawl Stone Soup version 0.19.0 (webtiles) character file.

155 CanadianGator the Chopper (level 5, -2/47 HPs)
             Began as a Hill Orc Monk on Nov 23, 2016.
             Was a Believer of Uskayaw.
             Slain by a mummy (6 damage)
             ... in an ossuary.
             The game lasted 00:06:38 (2722 turns).

CanadianGator the Chopper (Hill Orc Monk)           Turns: 2722, Time: 00:06:38

Health: -2/47      AC: 10    Str: 20    XL:     5   Next: 37%
Magic:  5/5        EV:  8    Int: 14    God:    Uskayaw [**....]
Gold:   205        SH:  0    Dex: 13    Spells: 0 memorised, 4 levels left

rFire  . . .     SeeInvis .     a - +0 hand axe
rCold  . . .     Gourm    .     q - +0 chain mail
rNeg   . . .     Faith    +     (no shield)
rPois  .         Spirit   .     (no helmet)
rElec  .         Reflect  .     p - +0 cloak
rCorr  .         Harm     .     (no gloves)
MR     .....                    (no boots)
Stlth  ..........               k - amulet of faith
                                j - +4 ring of intelligence
                                e - +5 ring of strength

@: marked, invisible
A: no striking features
a: Stomp, Line Pass, Renounce Religion


You were in an ossuary.
You worshipped Uskayaw.
Uskayaw was noncommittal.
You were not hungry.

You visited 1 branch of the dungeon, and saw 4 of its levels.
You also visited: Ossuary.

You collected 205 gold pieces.

Inventory:

Hand Weapons
 a - a +0 hand axe (weapon)
Armour
 b - a +0 robe
 g - a +0 ring mail
 p - a +0 cloak (worn)
 q - a +0 chain mail (worn)
Jewellery
 e - a +5 ring of strength (left hand)
 j - a +4 ring of intelligence (right hand)
 k - an amulet of faith (around neck)
Scrolls
 d - a scroll of identify {unknown}
 f - 4 scrolls of remove curse {unknown}
 h - a scroll of magic mapping {unknown}
 i - a scroll of immolation {unknown}
 l - 2 scrolls of amnesia {unknown}
 m - 3 scrolls of blinking {unknown}
 o - 2 scrolls of fear {unknown}
 t - a scroll of enchant weapon {unknown}
Potions
 s - a potion of curing {unknown}
Comestibles
 c - 2 bread rations
 r - a meat ration


   Skills:
 + Level 4.4 Fighting
 * Level 5.6 Axes
 + Level 2.6 Armour
 + Level 2.9 Dodging
 - Level 1.5 Stealth


You had 4 spell levels left.
You didn't know any spells.

Dungeon Overview and Level Annotations

Branches:
Dungeon (4/15)
 Temple: D:4-7

Altars:
Dithmenos
Uskayaw
Vehumet


Message History

The mummy is heavily damaged.
You barely miss the mummy. You hit the mummy but do no damage.
The mummy is heavily damaged.
You barely miss the mummy.
Your chain mail prevents you from hitting the mummy.
You hit the mummy but do no damage. The mummy hits you. The mummy hits you!
* * * LOW HITPOINT WARNING * * *
The mummy hits you!
* * * LOW HITPOINT WARNING * * *
The mummy hits you.
* * * LOW HITPOINT WARNING * * *
You hit the mummy but do no damage.
The mummy is heavily damaged.
Your chain mail prevents you from hitting the mummy.
You hit the mummy but do no damage. You hit the mummy.
It was a potion of invisibility.
You fade into invisibility!
The mummy barely misses you. The mummy hits you.
You die...

.. .# .# #
###'### +.
##.....## #..
##.......##
+...#..MMM....#.
#...'..M@⌠.MM.'.
+...#.........#.
#..###.......##
+.# ##.....## #.
###'### # #.#
##.## #.∩.#
#.∩.#


You could see 6 mummies.

Vanquished Creatures
  An orc priest (D:3)
  Ijyb (D:2)
  4 adders
  3 worms (D:3)
  2 dart slugs
  3 leopard geckos
  2 orcs (D:3)
  A giant cockroach (D:3)
  6 hobgoblins
  5 jackals
  5 kobolds
  2 quokkas (D:3)
  3 bats
  4 frilled lizards
  4 goblins
  8 rats
54 creatures vanquished.

Notes
Turn   | Place    | Note
-------+----------+-------------------------------------------
     0 | D:1      | CanadianGator the Hill Orc Monk began the quest for the Orb.
     0 | D:1      | Reached XP level 1. HP: 19/19 MP: 1/1
   173 | D:1      | Reached XP level 2. HP: 27/27 MP: 2/2
   615 | D:1      | Reached skill level 1 in Armour
   946 | D:2      | Reached XP level 3. HP: 33/33 MP: 3/3
  1040 | D:2      | Noticed Ijyb
  1076 | D:2      | Killed Ijyb
  1076 | D:2      | Reached skill level 5 in Axes
  1076 | D:2      | Reached XP level 4. HP: 25/40 MP: 4/4
  1272 | D:2      | Found a hide-covered altar of Uskayaw.
  1285 | D:2      | Became a worshipper of Uskayaw the Reveler
  1285 | D:2      | Reached * piety under Uskayaw
  1389 | D:3      | Reached ** piety under Uskayaw
  1594 | D:3      | Reached *** piety under Uskayaw
  1944 | D:3      | Reached XP level 5. HP: 12/47 MP: 5/5
  1944 | D:3      | Reached **** piety under Uskayaw
  1973 | D:3      | HP: 2/47 [poisoned by an orc]
  1980 | D:3      | HP: 1/47 [poisoned by an orc]
  1988 | D:3      | HP: 1/47 [poisoned by an orc]
  2389 | D:3      | Found a faded altar of an unknown god.
  2389 | D:3      | Found a radiant altar of Vehumet.
  2394 | D:3      | Found a faded altar of an unknown god.
  2396 | D:3      | Found a faded altar of an unknown god.
  2398 | D:3      | Found a shadowy altar of Dithmenos.
  2690 | D:4      | Found a sand-covered staircase.
  2698 | Ossuary  | Entered an ossuary
  2722 | Ossuary  | Slain by a mummy

Skill      XL: |  1  2  3  4 |
---------------+-------------+-----
Armour         | 1 2 |  2.6
Fighting       | 4 |  4.4
Axes           | 5 |  5.6
Dodging        | |  2.9
Stealth        | |  1.5

Action                   |  1- 3 |  4- 6 || total
-------------------------+-------+-------++-------
Melee: Hand axe          |   102 |   133 ||   235
  Use: Potion            |       |     3 ||     3
 Stab: Paralysed         |       |     2 ||     2
  Eat: Chunk             |       |     6 ||     6
Armor: Ring mail         |    39 |    26 ||    65
       Robe              |     2 |       ||     2
       Chain mail        |       |    16 ||    16
Dodge: Dodged            |    74 |    67 ||   141
